 Dungeon Crawl Stone Soup version 0.17-a0-2099-g910b1c6 (webtiles) character file.

120 Kromin the Skirmisher (level 4, -1/35 HPs)
             Began as a Demonspawn Fighter on Oct 18, 2015.
             Slain by Kromin's ghost (3 damage)
             ... on level 3 of the Dungeon.
             The game lasted 00:04:45 (1679 turns).

Kromin the Skirmisher (Demonspawn Fighter)          Turns: 1679, Time: 00:04:45

Health: -1/35      AC:  6    Str: 18    XL:     4   Next: 75%
Magic:  0/4        EV:  9    Int:  9    God:
Gold:   68         SH:  9    Dex: 12    Spells: 0 memorised, 3 levels left

rFire  . . .     SeeInvis .     a - +0 war axe
rCold  . . .     Clarity  .     b - +0 scale mail
rNeg   . . .     SustAt   +     c - +0 shield
rPois  .         Gourm    .     (no helmet)
rElec  .         Spirit   +     (no cloak)
rCorr  .         Warding  .     (no gloves)
rMut   .         Stasis   .     (no boots)
MR     .....                    (no amulet)
Stlth  ..........               (no ring)
                                l - ring of sustain attributes

@: very slightly contaminated, invisible, not resistant to hostile enchantments,
extremely unstealthy
A: repulsion field 1, magic shield, magic regeneration
a: no special abilities


You were on level 3 of the Dungeon.
You were not hungry.

You visited 1 branch of the dungeon, and saw 3 of its levels.

You collected 68 gold pieces.

Inventory:

Hand Weapons
 a - a +0 war axe (weapon)
Armour
 b - a +0 scale mail (worn)
 c - a +0 shield (worn)
Jewellery
 l - a ring of sustain attributes (left hand)
 r - a -6 ring of slaying
 s - an uncursed amulet of resist mutation
Wands
 g - a wand of slowing (18)
Scrolls
 d - a scroll of amnesia {unknown}
 f - a scroll of remove curse
 h - 2 scrolls of identify {unknown}
 i - 2 scrolls of teleportation {unknown}
 k - a scroll of random uselessness {unknown}
 o - a scroll of enchant weapon {unknown}
Comestibles
 e - 5 bread rations
 j - a meat ration
 n - a beef jerky


   Skills:
 - Level 3.5 Fighting
 + Level 3.3 Axes
 - Level 3.1 Armour
 - Level 1.0 Dodging
 - Level 3.0 Shields


You had 3 spell levels left.
You didn't know any spells.

Dungeon Overview and Level Annotations

Branches:
Dungeon (3/15)

Altars:
Cheibriados

Annotations:
D:3 Kromin's ghost, amateur DsGl


Innate Abilities, Weirdness & Mutations

You are surrounded by a mild repulsion field (EV +2).
When hurt, damage is shared between your health and your magic reserves.
You regenerate magic rapidly.


Message History

Your shield prevents you from hitting Kromin's ghost.
Kromin's ghost is heavily damaged.
You block Kromin's ghost's attack. Kromin's ghost closely misses you.
You closely miss Kromin's ghost.
Kromin's ghost is heavily damaged.
Kromin's ghost hits you.
* * * LOW HITPOINT WARNING * * *
You hit Kromin's ghost.
Kromin's ghost is heavily damaged.
You block Kromin's ghost's attack. Kromin's ghost hits you.
* * * LOW HITPOINT WARNING * * *
You fade into invisibility!
Kromin's ghost hits you.
* * * LOW HITPOINT WARNING * * *
You are very lightly contaminated with residual magic.
Kromin's ghost barely misses you.
You hit Kromin's ghost.
Kromin's ghost is heavily damaged.
Kromin's ghost hits you.
You die...

#...# #################.#.#
#...).............#.#
#.#################.#
#.#........#........#
#.#.######.#.########.# #.#.#
#.#.####.##...
#.#.######.#.#....##..
#.#........@W.........
#.#.##.#####)#(##.##.#
#.#.#.....<#.#.##.##.#######
#.#.########.#.##.##........
#.#>........................
#.#.............#.##........ ####
#.###......######.######....
...###.#........+......#....#....
.........#......######.#.)..#....


You could see Kromin's ghost.

Vanquished Creatures
  Robin (D:2)
  3 adders
  A gnoll (D:3)
  An ooze (D:1)
  3 worms
  5 bats
  4 giant cockroaches
  19 goblins
  6 hobgoblins
  A giant newt (D:2)
  9 kobolds
  5 rats
58 creatures vanquished.

Notes
Turn   | Place    | Note
--------------------------------------------------------------
     0 | D:1      | Kromin the Demonspawn Fighter began the quest for the Orb.
     0 | D:1      | Reached XP level 1. HP: 18/18 MP: 1/1
   252 | D:1      | Gained mutation: When hurt, damage is shared between your health and your magic reserves. [demonic ancestry]
   252 | D:1      | Reached XP level 2. HP: 24/24 MP: 2/2
   875 | D:2      | Found a faded altar to an unknown god.
   912 | D:2      | Gained mutation: You regenerate magic rapidly. [demonic ancestry]
   912 | D:2      | Reached XP level 3. HP: 26/29 MP: 3/3
  1021 | D:2      | Noticed Robin
  1044 | D:2      | Reached skill level 1 in Dodging
  1061 | D:2      | Killed Robin
  1061 | D:2      | Gained mutation: You are surrounded by a mild repulsion field (EV +2). [demonic ancestry]
  1061 | D:2      | Reached XP level 4. HP: 24/35 MP: 4/4
  1509 | D:3      | Found a snail-covered altar of Cheibriados.
  1661 | D:3      | Noticed Kromin's ghost (amateur DsGl)
  1674 | D:3      | HP: 1/35 [Kromin's ghost (1)]
  1679 | D:3      | Slain by Kromin's ghost

Vault maps used:
D:1:      minmay_arrival_nine_rooms, serial_bayou_pond_d
D:2:      wad_crossroads, ecumenical_altar_1, first_bread, uniq_robin
D:3:      makhleb_heckhound_becter, cheibriados_altar_wand_db

Action                   |  1- 3 |  4- 6 || total
-------------------------+-------+-------++-------
Melee: War axe           |   102 |    66 ||   168
  Use: Potion            |     5 |     3 ||     8
       Scroll            |       |     2 ||     2
  Eat: Chunk             |       |     3 ||     3
